AoeStats
← KingHennesVIII

Arena

504335311Analyzed
1v1 RM · 28d ago on Sep 4, 2026· 24m 31s· 2 players
Game mode
Random Map
Map size
Tiny (2 player)
Population
200
Speed
Normal
Resources
Standard
Victory
Conquest
Starting age
Dark Age
Ending age
Imperial Age
RankedLock teamsTeams togetherTeam positionsShared explorationLock speedFull tech treeHidden civsTurbo modeCheats
Victory
Defeat
🇦🇷 Khmer · Argentina
972
+17
🇩🇪 Ethiopians · Germany
1000
-51
^PenXpro_iWnL_^
11:35 Feudal Age
16:19 Castle Age
15:22 Horse Collar
15:33 Double-Bit Axe
15:41 Gold Mining
21:57 Husbandry
24:23 Bloodlines
KingHennesVIII
2:37 Loom
12:21 Feudal Age
12:51 Double-Bit Axe
14:06 Horse Collar
18:50 Wheelbarrow
25:15 Castle Age
Connection lost

Rejoining the realm…

Still unreachable

The connection could not be restored.

Session expired

The server has moved on; the page needs a fresh start.